 Dungeon Crawl Stone Soup version 0.27.1-4-g1640c2035a (webtiles) character file.

Game seed: 13303594792225346212

3619 Stomo444 the Digger (level 10, -2/53 HPs)
             Began as a Vine Stalker Earth Elementalist on Nov 13, 2021.
             Was a Follower of Sif Muna.
             Shot with an arrow by a centaur (9 damage)
             ... on level 11 of the Dungeon.
             The game lasted 00:27:34 (9808 turns).

Stomo444 the Digger (VSEE)                          Turns: 9808, Time: 00:27:34

Health: -2/53      AC:  3    Str: 14    XL:     10   Next: 11%
Magic:  0/19       EV: 14    Int: 15    God:    Sif Muna [*.....]
Gold:   1027       SH:  0    Dex: 15    Spells: 10/20 levels left

rFire    . . .     SeeInvis .   A - +3 battleaxe (venom)
rCold    . . .     Faith    .   (shield currently unavailable)
rNeg     . . .     Spirit   +   b - +1 robe
rPois    .         Reflect  .   (no helmet)
rElec    .         Harm     .   (no cloak)
rCorr    .         Rampage  .   (no gloves)
Will     +....                  (no boots)
Stlth    ++........             w - amulet of the acrobat
HPRegen  1.17/turn              i - ring of wizardry
MPRegen  0.16/turn              r - +4 ring of slaying

@: mighty
A: fangs 3, regeneration 1, magic shield, antimagic bite, no potion heal 2
a: Renounce Religion, Channel Magic


You were on level 11 of the Dungeon.
You worshipped Sif Muna.
Sif Muna was aware of your devotion.
You visited 2 branches of the dungeon, and saw 10 of its levels.

You collected 1027 gold pieces.

Inventory:

Hand Weapons
 q - a +4 hand axe
 A - a +3 battleaxe of venom (weapon)
Missiles
 m - 240 stones
Armour
 b - a +1 robe (worn)
Jewellery
 d - a +4 ring of evasion
 i - a ring of wizardry (left hand)
 n - a ring of fire
 r - a +4 ring of slaying (right hand)
 t - an amulet of faith
 u - a ring of willpower
 w - an amulet of the acrobat (around neck)
Wands
 o - a wand of iceblast (11)
 v - a wand of polymorph (9)
 x - a wand of mindburst (9)
 y - a wand of acid (11)
Scrolls
 c - a scroll of enchant armour
 e - 3 scrolls of teleportation
 h - 2 scrolls of noise
 j - 7 scrolls of identify
 p - a scroll of immolation
Potions
 l - a potion of berserk rage {unknown}
 s - 2 potions of brilliance {unknown}
 z - a potion of magic {unknown}


   Skills:
 * Level 6.0 Fighting
 * Level 5.2 Axes
 * Level 5.6 Dodging
 - Level 2.4 Stealth
 + Level 5.9 Spellcasting
 + Level 4.0 Conjurations
 - Level 1.0 Transmutations
 + Level 6.2 Earth Magic


You had 10 spell levels left.
You knew the following spells:

 Your Spells              Type           Power      Damage    Failure   Level
a - Sandblast             Erth           46%        2d11      1%          1
b - Passwall              Tmut/Erth      12%        N/A       1%          2
c - Stone Arrow           Conj/Erth      38%        3d9       2%          3
d - Petrify               Tmut/Erth      15%        N/A       13%         4

Your spell library contained the following spells:

 Spells                   Type           Power      Damage    Failure   Level
 Magic Dart               Conj           64%        1d6       1%          1
 Searing Ray              Conj           32%        3d4       1%          2
 Static Discharge         Conj/Air       10%        N/A       4%          2
 Slow                     Hex            4%         N/A       9%          2
 Confusing Touch          Hex            4%         N/A       17%         3
 Ozocubu's Armour         Ice            4%         N/A       17%         3
 Summon Guardian Golem    Hex/Summ       4%         N/A       17%         3
 Vampiric Draining        Necr           2%         2d6       17%         3
 Fulminant Prism          Conj/Hex       5%         3d7       26%         4
 Hailstorm                Conj/Ice       10%        3d5       26%         4
 Sticky Flame             Conj/Fire      10%        2d3       26%         4
 Ice Form                 Ice/Tmut       5%         N/A       43%         4
 Dispel Undead            Necr           4%         3d7       50%         4
 Simulacrum               Ice/Necr       2%         N/A       100%        6
 Orb of Destruction       Conj           8%         9d4       100%        7
 Ozocubu's Refrigeration  Ice            2%         4d5       100%        7
 Spellforged Servitor     Conj/Summ      5%         N/A       100%        7


Dungeon Overview and Level Annotations

Branches:
Dungeon (11/15)            Temple (1/1) D:5
   Lair: D:8-11         Orc: D:9-12

Altars:
Dithmenos
Elyvilon
Fedhas
Gozag
Hepliaklqana
Kikubaaqudgha
Makhleb
Nemelex Xobeh
Ru
Sif Muna
Uskayaw
Vehumet
Wu Jian
Xom
Yredelemnul
Zin

Annotations:
D:5 2 transporters
D:11 Erolcha


Innate Abilities, Weirdness & Mutations

You have razor-sharp teeth.
Your natural rate of healing is unusually fast.
When hurt, damage is shared between your health and your magic reserves.
Your bite disrupts and absorbs the magic of your enemies.
Potions cannot restore your health.


Message History

The wolf pauses to sniff the ground.
The wolf completely misses you.
Casting: Stone Arrow (dangerous; 2% risk of failure)
Confirm with . or Enter, or press ? or * to list all spells.
Aiming: Stone Arrow (dangerous; 2% risk of failure)
Press: ? - help, Shift-Dir - straight line, f - wolf
Aim: a wolf (48% to hit)
Okay, then.
It was a potion of might.
You feel very mighty all of a sudden. The wolf bites you.
You slice the wolf!!
You kill the wolf!
Sif Muna accepts your kill. The wolf misses you.
You slice the wolf!!
The wolf looks as sick as possible!
Your bite misses the wolf.
The wolf is almost dead.
The wolf closely misses you. The wolf completely misses you.
The wolf bites you.
* * * LOW HITPOINT WARNING * * *
Unknown command.
You slice the wolf!!
You kill the wolf!
Sif Muna accepts your kill.
The centaur shoots an arrow.
The arrow hits you!
* * * LOW HITPOINT WARNING * * *
The hound bites you.
* * * LOW HITPOINT WARNING * * *
Your Fighting skill increases to level 6!
Your Conjurations skill increases to level 4!
You closely miss the hound. The hound completely misses you.
The hound bites you.
* * * LOW HITPOINT WARNING * * *
Unknown command.
You slice the hound!!
You kill the hound!
Sif Muna accepts your kill.
The centaur shoots an arrow.
The arrow hits you!
You die...

≈.≈.. .≈.. .... ;.≈≈# #.≈.?
.... .#.###.#.# ...)
....#.#.# # .... #§#.#.#@#
.# #.### ###.#.#.#.##.#
#.... #........c...# #....
#.#.≈h≈......#. #....
#.#.≈.≈.≈≈≈........ #....
.......^..≈........ #....
#.#...≈≈≈.#.........####....
#.....≈.##.#.#:#.......###
#..##.#......#..8..#......


You could see a centaur.

Vanquished Creatures
  Pikel (D:7)
  A gargoyle (D:7)
  Prince Ribbit (D:5)
  A shadow (D:11)
  An acid dragon (D:6)
  A water moccasin (D:6)
  A sky beast (D:7)
  2 ogres
  3 necrophages
  2 wolves (D:11)
  A lemure (D:6)
  2 bullfrogs
  A wyvern zombie (D:7)
  2 scorpions
  A wyvern skeleton (D:7)
  5 killer bees (D:7)
  A wight (D:6)
  6 hounds
  A jelly (D:5)
  2 bullfrog skeletons
  A gnoll shaman (D:7)
  2 centaur skeletons
  Terence (D:3)
  4 iguanas
  Natasha (thrice) (D:3)
  2 orc wizards (D:5)
  2 hound skeletons
  A howler monkey zombie (D:5)
  18 gnolls
  6 adders
  2 shadow imps
  A white imp (D:5)
  3 ufetubi
  An adder skeleton (D:4)
  2 dart slugs
  15 orcs
  6 bats
  4 endoplasms
  2 giant cockroaches (D:4)
  5 goblins
  7 hobgoblins
  8 jackals
  4 kobolds
  5 quokkas
  9 ball pythons
  4 frilled lizards
  5 rats
159 creatures vanquished.

Vanquished Creatures (others)
  A human (D:5)
  7 plants (D:5)
8 creatures vanquished.

Grand Total: 167 creatures vanquished

Notes
Turn   | Place    | Note
-------+----------+-------------------------------------------
     0 | D:1      | Stomo444 the Vine Stalker Earth Elementalist began the
                  | quest for the Orb.
     0 | D:1      | Reached XP level 1. HP: 9/9 MP: 4/4
   115 | D:1      | Reached XP level 2. HP: 14/14 MP: 3/6
   367 | D:1      | Found a faded altar of an unknown god.
  1138 | D:2      | Learned a level 2 spell: Passwall
  1163 | D:2      | Reached XP level 3. HP: 17/17 MP: 5/7
  1220 | D:2      | Reached skill level 1 in Fighting
  1287 | D:2      | Gained mutation: Your natural rate of healing is unusually
                  | fast. [Vine Stalker growth]
  1287 | D:2      | Reached XP level 4. HP: 5/22 MP: 0/9
  1506 | D:2      | Learned a level 3 spell: Stone Arrow
  1883 | D:2      | Reached XP level 5. HP: 26/26 MP: 6/10
  2435 | D:3      | Noticed Natasha
  2437 | D:3      | Killed Natasha
  2508 | D:3      | Noticed Natasha
  2510 | D:3      | Killed Natasha
  2623 | D:3      | Noticed Terence
  2632 | D:3      | Killed Terence
  2633 | D:3      | Reached skill level 1 in Conjurations
  2749 | D:3      | Reached XP level 6. HP: 30/30 MP: 8/12
  3316 | D:3      | Noticed Natasha
  3319 | D:3      | Killed Natasha
  3892 | D:4      | Found a sparkling altar of Nemelex Xobeh.
  3961 | D:4      | Reached skill level 1 in Axes
  3961 | D:4      | Reached XP level 7. HP: 35/35 MP: 6/13
  4717 | D:5      | Entered Level 5 of the Dungeon
  4766 | D:5      | Found a transporter.
  5120 | D:5      | Found a staircase to the Ecumenical Temple.
  5128 | D:5      | Noticed Prince Ribbit
  5137 | Temple   | Entered the Ecumenical Temple
  5533 | Temple   | Became a worshipper of Sif Muna the Loreminder
  5550 | D:5      | Killed Prince Ribbit
  5557 | D:5      | Gained mutation: You have razor-sharp teeth. [Vine Stalker
                  | growth]
  5557 | D:5      | Reached XP level 8. HP: 40/40 MP: 0/15
  5681 | D:5      | Reached skill level 5 in Earth Magic
  5955 | D:5      | Learned a level 4 spell: Petrify
  6139 | D:5      | Found an ancient bone altar of Kikubaaqudgha.
  6424 | D:5      | Found a burning altar of Makhleb.
  6674 | D:5      | Found a transporter.
  6903 | D:6      | Found a basalt altar of Yredelemnul.
  7145 | D:6      | Reached * piety under Sif Muna
  7153 | D:6      | Reached skill level 5 in Spellcasting
  7264 | D:6      | Identified a scroll of acquirement
  7264 | D:6      | Acquired 635 gold pieces
  7436 | D:6      | Reached XP level 9. HP: 46/46 MP: 7/17
  8129 | D:7      | Noticed Pikel
  8527 | D:7      | Noticed a gargoyle
  8543 | D:7      | Killed a gargoyle
  8544 | D:7      | Reached skill level 5 in Fighting
  8616 | D:7      | Found a faded altar of an unknown god.
  8617 | D:7      | Found a hazy altar of Hepliaklqana.
  8646 | D:7      | Reached skill level 5 in Dodging
  8981 | D:7      | Found a radiant altar of Vehumet.
  9050 | D:7      | Killed Pikel
  9208 | D:7      | Reached skill level 5 in Axes
  9208 | D:7      | Reached XP level 10. HP: 53/53 MP: 8/19
  9381 | D:7      | Found a shadowy altar of Dithmenos.
  9533 | D:8      | You fall into a shaft and drop 3 floors!
  9533 | D:11     | Noticed Erolcha
  9533 | D:11     | Noticed a boulder beetle
  9808 | D:11     | Shot with an arrow by a centaur

Illustrated notes

Levels and vault maps discovered:
D:1:      minmay_arrival_radiant_lines, layout_basic,
          shapermc_ecumenical_altar_starsandcircs,
          chequers_serial_rivers_micro_a
D:2:      minmay_inner_zag, layout_rooms, fountainhead, kennysheep_nondescript
D:3:      layout_loops_ring, uniq_natasha, uniq_terence
D:4:      layout_basic, nemelex_xobeh_ov_fountains_minmay
D:5:      gammafunk_cloud_chamber, layout_gridville, lightli_temple_of_fire,
          tgw_kikubaaqudgha, minmay_temple_entry_glass, hangedman_decor_points,
          serial_bayou_lake_a, uniq_prince_ribbit1
D:6:      minmay_general_purpose_star, layout_loops_cross,
          yredelemnul_altar_generic, chequers_serial_rivers_room_b,
          chequers_arboretum
D:7:      layout_basic, lemuel_tele_altar, beargit_hepliaklqana_dungeon_heroes,
          lemuel_doored_altar, eino_small_chamber_without_monster, uniq_pikel
D:8:      layout_basic, kennysheep_slug_shrine
D:11:     layout_basic, erik_lair_island, serial_shops, shop, zin_statuary,
          uniq_erolcha
Temple:   nicolae_temple_figure_zero

Skill      XL: |  1  2  3  4  5  6  7  8  9 10 |
---------------+-------------------------------+-----
Fighting       | 1 2 3 4 5 6 |  6.0
Dodging        | 2 3 4 5 |  5.6
Spellcasting   | 3 4 5 |  5.9
Conjurations   | 1 2 3 4 |  4.0
Earth Magic    | 4 5 6 |  6.2
Axes           | 1 2 3 5 |  5.2
Stealth        | |  2.4
Transmutations | |  1.0

Action                   |  1- 3 |  4- 6 |  7- 9 | 10-12 || total
-------------------------+-------+-------+-------+-------++-------
Melee: Whip              |     6 |       |       |       ||     6
       Short sword       |    16 |    37 |       |       ||    53
       Bite              |     2 |    18 |    18 |     3 ||    41
       Hand axe          |       |    19 |    39 |       ||    58
       Battleaxe         |       |       |    34 |    10 ||    44
 Cast: Sandblast         |    34 |    10 |    17 |       ||    61
       Passwall          |     1 |       |       |       ||     1
       Stone Arrow       |       |    55 |    98 |     4 ||   157
       Petrify           |       |       |     4 |       ||     4
  Use: Scroll            |       |       |    13 |     3 ||    16
       Potion            |       |       |       |     3 ||     3
 Stab: Sleeping          |       |     1 |       |       ||     1
       Petrified         |       |       |     3 |       ||     3
       Petrifying        |       |       |     1 |       ||     1
Armor: Robe              |     5 |    14 |     8 |     1 ||    28
Dodge: Dodged            |    16 |    45 |    71 |    32 ||   164
